 Dungeon Crawl Stone Soup version 0.17.0-28-g6e173f8 (webtiles) character file.

58 Arkorax the Insei (level 3, -1/28 HPs)
             Began as a Draconian Transmuter on Nov 22, 2015.
             Slain by an adder (3 damage)
             ... on level 2 of the Dungeon.
             The game lasted 00:01:45 (1173 turns).

Arkorax the Insei (Draconian Transmuter)            Turns: 1173, Time: 00:01:46

Health: -1/28      AC:  5    Str: 12    XL:     3   Next: 75%
Magic:  6/6        EV: 12    Int: 13    God:
Gold:   140        SH:  0    Dex: 12    Spells: 1 memorised, 5 levels left

rFire  . . .     SeeInvis .       - Unarmed
rCold  . . .     Clarity  .     (armour unavailable)
rNeg   . . .     SustAt   .     (no shield)
rPois  .         Gourm    .     (helmet restricted)
rElec  .         Spirit   .     (no cloak)
rCorr  .         Warding  .     (no gloves)
rMut   .         Stasis   .     (boots currently unavailable)
MR     .....                    (no amulet)
Stlth  +.........               (no ring)
                                (no ring)

@: appendage (expiring), not resistant to hostile enchantments, very unstealthy
A: unfitting armour, talons 3, cold-blooded, AC +5
a: End Transformation


You were on level 2 of the Dungeon.
You were very hungry.
You had grown temporary talons.
You visited 1 branch of the dungeon, and saw 2 of its levels.

You collected 140 gold pieces.

Inventory:

Missiles
 a - 28 arrows
Scrolls
 d - a scroll of fog {unknown}
 e - a scroll of enchant armour {unknown}
 f - a scroll of teleportation {unknown}
 g - 3 scrolls of remove curse {unknown}
 h - a scroll of enchant weapon {unknown}
Potions
 i - a potion of agility
Books
 b - a book of Changes

   Spells                             Type                      Level
   a - Beastly Appendage              Transmutation                1
   b - Sticks to Snakes               Transmutation                2
   c - Spider Form                    Transmutation/Poison         3
   d - Ice Form                       Ice/Transmutation            4
   e - Blade Hands                    Transmutation                5
Comestibles
 c - a bread ration


   Skills:
 - Level 1.1 Fighting
 - Level 1.7 Dodging
 + Level 4.2 Unarmed Combat
 - Level 2.0 Spellcasting
 + Level 2.8 Transmutations


You had 5 spell levels left.
You knew the following spells:

 Your Spells              Type           Power        Failure   Level  Hunger
a - Beastly Appendage     Trmt           #.....       10%         1    ##.....


Dungeon Overview and Level Annotations

Branches:
Dungeon (2/15)

Altars:


Innate Abilities, Weirdness & Mutations

Your plain brown scales are hard (AC +5).
Your body does not fit into most forms of armour.
You are cold-blooded and may be slowed by cold attacks.
You have claws for feet.


Message History

The adder bites you but does no damage. The adder misses you.
You barely miss the adder. Your kick misses the adder.
The adder is heavily wounded.
The goblin hits you but does no damage. The adder completely misses you.
You barely miss the adder. Your kick misses the adder.
Your tail-slap misses the adder.
The adder is heavily wounded.
You feel sick.
You are no longer poisoned.
The goblin closely misses you. The adder bites you.
* * * LOW HITPOINT WARNING * * *
You barely miss the adder.
Your tail-slap misses the adder.
The adder is moderately wounded.
The adder bites you.
* * * LOW HITPOINT WARNING * * *
The goblin hits you but does no damage.
You miss the adder. Your kick misses the adder.
The adder is moderately wounded.
The adder bites you.
You die...

......#########
...............
......>........ ####
.......#..... ....
..........# #.
..........# ... #.
........%.# .. #.
.%.....#S#### .. #.
.....#.#@...######.######
.....#.g.................
.... #.####.#######.#####
... #.####'#######..####
... #.#.............)...
#.#.....#######..#†.
#.....# #...##.#..
#.....###...##.#..
#.....##....'.....


You could see an adder and a goblin.

Vanquished Creatures
  An adder (D:2)
  A worm (D:2)
  2 giant geckos (D:1)
  5 bats
  8 hobgoblins
  A ball python (D:1)
  2 giant cockroaches (D:1)
  4 giant newts (D:1)
  A goblin (D:2)
  6 jackals
  8 kobolds
  3 rats
42 creatures vanquished.

Notes
Turn   | Place    | Note
--------------------------------------------------------------
     0 | D:1      | Arkorax the Draconian Transmuter began the quest for the Orb.
     0 | D:1      | Reached XP level 1. HP: 16/16 MP: 3/3
   129 | D:1      | Reached XP level 2. HP: 12/23 MP: 5/5
   785 | D:1      | Reached XP level 3. HP: 25/28 MP: 6/6
   999 | D:2      | Reached skill level 4 in Unarmed Combat
  1173 | D:2      | Slain by an adder

Action                   || total
-------------------------++-------
Melee: Unarmed           ||   183
 Cast: Beastly Appendage ||     3
 Stab: Sleeping          ||     2
